 Dungeon Crawl Stone Soup version 0.30.0-10-gfe55d96785 (webtiles) character file.

Game seed: 1572411640764967219

7632 Pooter the Cleaver (level 10, -5/133 (142) HPs)
             Began as a Minotaur Fighter on May 15, 2023.
             Killed by divine providence
             ... invoked by a meliai
              (9 damage)
             ... on level 10 of the Dungeon.
             The game lasted 00:37:08 (9130 turns).

Pooter the Cleaver (Minotaur Fighter)               Turns: 9130, Time: 00:37:09

HP:   -5/133 (142)  AC: 14    Str: 25    XL:     10   Next: 98%
MP:   9/9           EV:  7    Int:  5    God:
Gold: 547           SH:  0    Dex: 10    Spells: 9/9 levels left

rFire   . . .        a - +2 battleaxe (elec)
rCold   . . .        (shield currently unavailable)
rNeg    . . .        z - +3 plate armour
rPois   .            P - +0 hat
rElec   .            (no cloak)
rCorr   .            (no gloves)
SInv    +            (no boots)
Will    .....        (no amulet) Stlth
                     N - ring of flight
HPRegen 0.42/turn    S - ring of see invisible
MPRegen 0.11/turn

%: no passive effects
@: mighty, berserking, lethally poisoned (-5 -> -8), about to teleport, flying,
drained, very quick
A: horns 2, retaliatory headbutt
a: no special abilities


You were on level 10 of the Dungeon.
You visited 1 branch of the dungeon, and saw 10 of its levels.
You also visited: Ossuary.

You collected 547 gold pieces.

Inventory:

Hand Weapons
 a - a +2 battleaxe of electrocution (weapon)
   (You took it off a wight on level 8 of the Dungeon)
 b - a +0 shortbow
   (You took it off a centaur on level 9 of the Dungeon)
 i - a +3 halberd
   (You took it off a wight on level 8 of the Dungeon)
 s - a +2 flail of venom
   (You took it off a wight in an ossuary)
 y - a +3 scythe of venom
   (You took it off Sigmund on level 3 of the Dungeon)
Missiles
 u - 16 poisoned darts (quivered)
 B - 2 curare-tipped darts
 O - 2 boomerangs
 Q - 160 stones
 U - a javelin
Armour
 c - a +0 buckler
 z - a +3 plate armour (worn)
   (You found it on level 6 of the Dungeon)
 P - a +0 hat (worn)
   (You found it on level 8 of the Dungeon)
Jewellery
 g - a +6 ring of intelligence
   (You found it on level 3 of the Dungeon)
 C - a ring of resist corrosion
   (You found it on level 7 of the Dungeon)
 I - a ring of protection from cold
   (You found it on level 6 of the Dungeon)
 N - a ring of flight (left hand)
   (You found it on level 6 of the Dungeon)
 S - a ring of see invisible (right hand)
   (You found it on level 9 of the Dungeon)
Wands
 f - a wand of flame (16)
   (You took it off an orc wizard on level 6 of the Dungeon)
 w - a wand of charming (20)
   (You found it on level 5 of the Dungeon)
 D - a wand of digging (7)
   (You found it on level 8 of the Dungeon)
 T - a wand of polymorph (8)
   (You took it off Psyche on level 7 of the Dungeon)
Scrolls
 l - 2 scrolls of amnesia
 m - 4 scrolls of noise {!r}
 p - a scroll of immolation {!r}
 r - 2 scrolls of fear
 t - 2 scrolls of teleportation {@r4}
 A - 4 scrolls of fog
 K - a scroll of poison {!r}
 L - a scroll of torment {!r}
 M - a scroll of silence
Potions
 d - 3 potions of might
 e - 4 potions of curing {@q1}
 h - 4 potions of flight
 j - 3 potions of berserk rage
 n - 4 potions of lignification {!q}
 o - a potion of magic {unknown}
 q - a potion of cancellation {unknown}
 v - 4 potions of haste {@q3}
 x - 2 potions of brilliance {unknown}
 E - 2 potions of degeneration {unknown}
 F - 4 potions of attraction {!q}
 G - 2 potions of heal wounds {unknown}
 H - 2 potions of ambrosia
 J - 2 potions of resistance
 R - a potion of mutation {unknown}


   Skills:
 + Level 11.0 Fighting
 * Level 12.6(14.3) Axes
 - Level 11.0(13.5) Polearms
 * Level 4.2 Ranged Weapons
 - Level 3.6 Armour
 - Level 3.6 Shields


You had 9 spell levels left.
You didn't know any spells.
Your spell library contained the following spells:

 Spells                   Type           Power      Damage    Failure   Level
 Apportation              Tloc           0%         N/A       100%        1
 Kiss of Death            Conj/Necr      0%         2d5       100%        1
 Confusing Touch          Hex            0%         N/A       100%        3
 Dazzling Flash           Conj/Hex       0%         N/A       100%        3
 Inner Flame              Hex/Fire       0%         N/A       100%        3
 Cause Fear               Hex            0%         N/A       100%        4
 Dispel Undead            Necr           0%         3d6       100%        4
 Flame Wave               Conj/Fire      0%         2d4       100%        4
 Sticky Flame             Conj/Fire      0%         2d3       100%        4
 Agony                    Necr           0%         N/A       100%        5
 Alistair's Intoxication  Tmut/Pois      0%         N/A       100%        5
 Silence                  Hex/Air        0%         N/A       100%        5
 Dragon Form              Tmut           0%         N/A       100%        7
 Dragon's Call            Summ           0%         N/A       100%        9


Dungeon Overview and Level Annotations

Branches:
Dungeon (10/15)            Temple (0/1) D:5             Orc (0/2) D:10
Ossuary (visited)
   Lair: D:8-11

Altars:
Makhleb
Okawaru
Qazlal
Wu Jian
Xom

Shops:
D:7 :   D:9 :

Annotations:
D:10 Gastronok


Innate Abilities, Weirdness & Mutations

You have a pair of horns on your head.
You reflexively headbutt those who attack you in melee.


Message History

The meliai closely misses you. The meliai stings you.
You are poisoned.
The meliai poisons you!
A meliai comes into view. It is wielding a +0 hand axe.
The meliai hits you but does no damage. The meliai barely misses you.
The meliai buzzes angrily. x2
You slice the meliai!! Your headbutt misses the meliai. You slice the plant!!
The plant begins to die.
You feel very sick.
You hear a howl!
The meliai hits you with a +0 hand axe.
* * * LOW HITPOINT WARNING * * *
The meliai barely misses you. The meliai hits you but does no damage.
The meliai stings you but does no damage.
A wraith comes into view.
Gastronok chants a spell, wobbling all the while.
Blink to where?
An orc priest, 9 zombies, a phantom and 2 skeletons come into view.
Found a helmet.
Found a staircase to the Orcish Mines.
As you read the scroll of blinking, it crumbles to dust.
You feel very sick.
The orc priest mumbles some strange prayers to Beogh against you.
Pain shoots through your body!
* * * LOW HITPOINT WARNING * * *
As you read the scroll of teleportation {@r4}, it crumbles to dust.
You feel strangely unstable.
You feel sick.
The meliai hits the plant with a +0 hand axe!
The meliai stings the plant!
The plant looks as sick as possible!
The meliai poisons the plant!
The meliai mumbles some strange prayers to its god against you.
Something smites you!
* * * LOW HITPOINT WARNING * * *
Unknown command.
A red film seems to cover your vision as you go berserk!
You feel yourself moving faster!
You feel mighty!
You feel sick.
The meliai invokes the aid of its god against you.
Something smites you!
* * * LOW HITPOINT WARNING * * *
The quokka twitches its whiskers.
The quokka bites the plant.
You barely miss the phantom. You headbutt the phantom! You hit the bat.
You kill the bat!
The bat's corpse disappears in a puff of smoke!
You feel sick.
A nearby plant withers and dies.
The meliai invokes the aid of its god against you.
Something smites you!
* * * LOW HITPOINT WARNING * * *
The meliai mumbles some strange prayers to its god against you.
Something smites you!
You die...

.## #...####....~~~r#
...8.Z..#...W~rr.#
#.....Z...#.....~♣...y.W.
#.........#..Z.y.###.....
#$.$..Z..Z#.Z#y..# #.##
..................# #
#............Z.##$.#
..>.Z.8....##..#
....ZoW@§..##...
.....ZZZ......[
....ZZZ#...##.# .....ZZ
..... ....... ######
..8.... #...### ##..


You could see 2 phantoms, 2 meliai, an orc priest, 8 orc zombies, 3 ogre
zombies, 2 troll zombies, 2 quokkas, 2 goblin skeletons and 2 orc skeletons.

Vanquished Creatures
  2 two-headed ogres (D:9)
  Pikel (D:6)
  A cyclops (D:8)
  Maggie (D:8)
  Psyche (D:7)
  A polar bear (D:9)
  Prince Ribbit (D:8)
  Sigmund (D:3)
  3 yaks (D:8)
  An unseen horror simulacrum (D:9)
  An acid dragon (D:9)
  2 water moccasins
  3 orc warriors
  4 ice beasts
  2 sky beasts
  A lemure (D:6)
  2 centaurs (D:9)
  2 phantoms
  2 kobold brigands
  2 gnoll sergeants
  2 bullfrogs
  3 scorpions
  2 water moccasin zombies (Ossuary)
  13 wights
  7 howler monkeys
  An electric eel (D:6)
  2 centaur zombies (Ossuary)
  A bullfrog zombie (Ossuary)
  2 hounds
  3 jellies
  A sleepcap (D:5)
  2 orc priests
  4 iguanas
  6 orc wizards
  An ogre zombie (Ossuary)
  2 killer bee simulacra (D:9)
  8 gnolls
  4 adders
  2 white imps (D:9)
  A howler monkey simulacrum (D:9)
  4 ufetubi
  2 adder zombies (Ossuary)
  A worm (D:3)
  2 dart slugs
  24 orcs
  4 ball pythons
  6 endoplasms
  4 giant cockroaches
  6 goblins
  7 hobgoblins
  3 jackals (D:2)
  3 quokkas
  4 bats (D:1)
  4 frilled lizards
  6 gnoll zombies (Ossuary)
  9 goblin zombies
  2 hobgoblin zombies (Ossuary)
  15 kobolds
  6 orc zombies
  3 rats
216 creatures vanquished.

Vanquished Creatures (collateral kills)
  3 gnolls (D:5)
3 creatures vanquished.

Vanquished Creatures (others)
  A gnoll (D:5)
1 creature vanquished.

Grand Total: 220 creatures vanquished

Notes
Turn   | Place    | Note
-------+----------+-------------------------------------------
     0 | D:1      | Pooter the Minotaur Fighter began the quest for the Orb.
     0 | D:1      | Reached XP level 1. HP: 19/19 MP: 0/0
   189 | D:1      | Reached skill level 3 in Axes
   211 | D:1      | Reached XP level 2. HP: 27/27 MP: 1/1
   730 | D:2      | Reached XP level 3. HP: 33/33 MP: 2/2
   814 | D:2      | Reached skill level 4 in Axes
   993 | D:2      | Reached XP level 4. HP: 41/41 MP: 3/3
  1000 | D:2      | Reached skill level 5 in Axes
  1712 | D:3      | Noticed Sigmund
  1725 | D:3      | Killed Sigmund
  1726 | D:3      | Reached skill level 5 in Fighting
  1726 | D:3      | Reached skill level 6 in Axes
  1726 | D:3      | Reached XP level 5. HP: 32/48 MP: 4/4
  1726 | D:3      | Reached XP level 6. HP: 38/56 MP: 5/5
  1836 | D:3      | Found a burning altar of Makhleb.
  2233 | D:4      | Reached skill level 1 in Polearms
  2722 | D:5      | Entered Level 5 of the Dungeon
  2726 | D:5      | Reached XP level 7. HP: 61/63 MP: 6/6
  2727 | D:5      | Reached skill level 7 in Axes
  3053 | D:5      | Found a staircase to the Ecumenical Temple.
  3270 | D:5      | Reached skill level 5 in Polearms
  3547 | D:6      | Reached XP level 8. HP: 41/73 MP: 7/7
  3833 | D:6      | Noticed Pikel
  3840 | D:6      | Killed Pikel
  3841 | D:6      | Reached skill level 8 in Axes
  4489 | D:6      | Found a shimmering altar of Xom.
  4489 | D:6      | Found an ornate altar of the Wu Jian Council.
  4490 | D:6      | Found a stormy altar of Qazlal.
  4773 | D:7      | Reached XP level 9. HP: 80/81 MP: 8/8
  4796 | D:7      | Found a sand-covered staircase.
  4803 | Ossuary  | Entered an ossuary
  4872 | Ossuary  | Reached skill level 9 in Axes
  5097 | Ossuary  | Noticed a silent spectre
  5359 | D:7      | Found Raegiesaem's Book Emporium.
  6125 | D:8      | Noticed Psyche
  6125 | D:8      | Noticed Prince Ribbit
  6134 | D:7      | Killed Psyche
  6192 | D:8      | Killed Prince Ribbit
  6193 | D:8      | Reached skill level 10 in Polearms
  6237 | D:8      | Found an iron altar of Okawaru.
  6356 | D:8      | Reached skill level 10 in Axes
  6450 | D:8      | Noticed Maggie
  6457 | D:8      | Killed Maggie
  6458 | D:8      | Reached XP level 10. HP: 91/91 MP: 9/9
  6980 | D:8      | Noticed a cyclops
  6989 | D:8      | Killed a cyclops
  6991 | D:8      | Reached skill level 10 in Fighting
  7455 | D:8      | Reached skill level 11 in Axes
  7858 | D:9      | Found Wotuwaf's Book Boutique.
  8178 | D:9      | Noticed a two-headed ogre
  8187 | D:9      | Killed a two-headed ogre
  8188 | D:9      | Reached skill level 12 in Axes
  8202 | D:9      | Noticed a two-headed ogre
  8213 | D:9      | Killed a two-headed ogre
  8980 | D:10     | Entered Level 10 of the Dungeon
  9119 | D:10     | Noticed Gastronok
  9124 | D:10     | Identified the +2 long sword of Impish Fortitude {freeze,
                  | rPois rCorr Str-3 Dex-2}
  9127 | D:10     | Found a staircase to the Orcish Mines.
  9130 | D:10     | HP: 4/133 [meliai/divine providence (10)]
  9130 | D:10     | Killed from afar by a meliai

Illustrated notes

Levels and vault maps discovered:
D:1:      saegor_arrival_simple_e, layout_basic, fountainhead
D:2:      layout_rooms, corexii_item_surrounded_by_moat
D:3:      layout_basic, lightli_temple_of_fire, uniq_sigmund
D:4:      layout_basic
D:5:      layout_cave_pools, minmay_temple_entry_drinking_statues,
          minmay_misc_feat_doors, nicolae_fountain_basement
D:6:      layout_rooms, gammafunk_temple_overflow_claw, minivault_14,
          kennysheep_generic_room_9, uniq_pikel
D:7:      layout_layer_cave, chequers_ossuary_entry_cave, serial_shops,
          nicolae_book_shop_shelving
D:8:      layout_basic, mainiacjoe_overflow_concentric_impassable,
          serial_co_window_serial, co_window_cross_1, co_window_paths_a,
          co_window_paths_a, co_window_corner_a, co_window_paths_a,
          co_window_corner_ca, co_window_broadway_b, co_window_of_opportunity_c,
          co_window_cross_4, co_window_corner_b, co_window_broadway_c,
          co_window_sun, co_window_paths_d, glass_columns_a, glass_columns_a,
          glass_columns_c, glass_columns_c, minmay_sticks_and_stones,
          uniq_maggie, uniq_psyche, uniq_prince_ribbit1
D:9:      layout_cave_pools, serial_ice, serial_ice_a, serial_ice_f,
          serial_ice_n, serial_ice_g, serial_shops, shop_statue
D:10:     layout_rooms, erik_lair_orcish_takeover, zombieorc2_lemuel,
          special_room [special_room_orc], serial_bayou, serial_bayou_ford_a,
          serial_bayou_pond_b, serial_bayou_pond_d, serial_bayou_pond_e,
          hangedman_decor_push, uniq_gastronok

Skill      XL: |  1  2  3  4  5  6  7  8  9 10 |
---------------+-------------------------------+-----
Axes           | 3 4 6 7 8 10 12 | 12.6
Fighting       | 4 5 6 7 8 9 11 | 11.0
Polearms       | 3 5 8 10 11 | 11.0
Ranged Weapons | 4 |  4.2
Armour         | |  3.6
Shields        | |  3.6

Action                     |  1- 3 |  4- 6 |  7- 9 | 10-12 || total
---------------------------+-------+-------+-------+-------++-------
  Melee: War axe           |    69 |    30 |       |       ||    99
         Headbutt          |     7 |    10 |    33 |    27 ||    77
         Halberd           |       |    43 |   233 |    13 ||   289
         Battleaxe         |       |       |       |   106 ||   106
   Fire: Shortbow          |       |       |       |     5 ||     5
  Throw: Javelin           |     2 |     1 |     2 |     4 ||     9
         Stone             |       |       |     7 |     7 ||    14
         Dart              |       |       |     1 |     5 ||     6
  Evoke: Wand              |       |       |     3 |       ||     3
    Use: Scroll            |     4 |     7 |    14 |     6 ||    31
         Potion            |       |     1 |       |     4 ||     5
 Armour: Scale mail        |    21 |       |       |       ||    21
         Chain mail        |    14 |    39 |    23 |       ||    76
         Plate armour      |       |       |    81 |    79 ||   160
  Dodge: Dodged            |    26 |    24 |    52 |    41 ||   143
  Block: Buckler           |    17 |     2 |       |       ||    19
